 Dungeon Crawl Stone Soup version 0.28-a0-479-g5baa6b73be (webtiles) character file.

Game seed: 5175635965653385754

7378 lagrange the Protected (level 11, 0/90 HPs)
             Began as a Formicid Fighter on Sept 17, 2021.
             Was a Believer of Fedhas.
             Slain by an ice devil (8 damage)
             ... summoned by a kobold demonologist
             ... on level 12 of the Dungeon.
             The game lasted 00:24:09 (8229 turns).

lagrange the Protected (Formicid Fighter)           Turns: 8229, Time: 00:24:10

Health: 0/90       AC: 16    Str: 29    XL:     11   Next: 36%
Magic:  14/14      EV: 10    Int:  8    God:    Fedhas [**....]
Gold:   274        SH:  6    Dex: 17    Spells: 10/10 levels left

rFire   . . .      SeeInvis +   a - +2 quarterstaff (flame)
rCold   . . .      Faith    .   c - +0 buckler
rNeg    . . .      Spirit   .   m - +1 scale mail
rPois   .          Reflect  .   (helmet unavailable)
rElec   .          Harm     .   g - +2 cloak
rCorr   .          Rampage  .   B - +0 pair of gloves
Will    +....                   s - +0 pair of boots
Stlth   ..........              n - amulet of the acrobat
HPRegen 0.25/turn               e - +6 ring of dexterity
MPRegen 0.14/turn               r - +6 ring of strength

@: no status effects
A: permanent stasis, dig shafts and tunnels, antennae 3, four strong arms
a: Dig, Shaft Self, Renounce Religion, Wall of Briars


You were on level 12 of the Dungeon.
You worshipped Fedhas.
Fedhas was pleased with you.
You visited 2 branches of the dungeon, and saw 11 of its levels.

You collected 395 gold pieces.
You spent 121 gold pieces at shops.

Inventory:

Hand Weapons
 a - a +2 quarterstaff of flaming (weapon)
 b - a +1 hunting sling of freezing
Missiles
 d - 19 sling bullets
 w - 3 throwing nets
Armour
 c - a +0 buckler (worn)
 g - a +2 cloak (worn)
 m - a +1 scale mail (worn)
 s - a +0 pair of boots (worn)
 B - a +0 pair of gloves (worn)
Jewellery
 e - a +6 ring of dexterity (left hand)
 i - a ring of flight
 n - an amulet of the acrobat (around neck)
 r - a +6 ring of strength (right hand)
 x - an amulet of regeneration
Wands
 q - a wand of flame (63)
 y - a wand of acid (2)
 A - a wand of digging (4)
 F - a wand of charming (8)
Scrolls
 o - 2 scrolls of enchant weapon
 v - a scroll of enchant armour
Potions
 f - a potion of attraction {unknown}
 h - a potion of mutation
 k - 3 potions of curing
 l - a potion of invisibility
 p - 2 potions of flight
 t - a potion of might
 u - a potion of resistance
 z - a potion of lignification
 C - a potion of brilliance {unknown}
 D - a potion of haste
 G - a potion of heal wounds {unknown}


   Skills:
 + Level 10.0 Fighting
 + Level 8.8 Staves
 - Level 6.0 Slings
 + Level 10.0 Armour
 - Level 6.2 Shields
 - Level 4.0 Invocations


You had 10 spell levels left.
You didn't know any spells.
Your spell library contained the following spells:

 Spells                   Type           Power      Damage    Failure   Level
 Animate Skeleton         Necr           0%         N/A       63%         1
 Pain                     Necr           0%         1d4       63%         1
 Frozen Ramparts          Ice            0%         1d2       94%         3
 Inner Flame              Hex/Fire       0%         N/A       94%         3
 Vampiric Draining        Necr           0%         2d6       94%         3
 Cause Fear               Hex            0%         N/A       100%        4
 Ice Form                 Ice/Tmut       0%         N/A       100%        4
 Summon Ice Beast         Ice/Summ       0%         N/A       100%        4
 Discord                  Hex            0%         N/A       100%        8


Dungeon Overview and Level Annotations

Branches:
Dungeon (9/15)             Temple (1/1) D:6
   Lair: D:8-11         Orc: D:9-12

Altars:
Ashenzari
Cheibriados
Dithmenos
Elyvilon
Fedhas
Gozag
Hepliaklqana
Kikubaaqudgha
Makhleb
Nemelex Xobeh
Okawaru
Qazlal
Ru
Trog
Uskayaw
Vehumet
Wu Jian
Xom
Yredelemnul
Zin
The Shining One

Shops:
D:6 !


Innate Abilities, Weirdness & Mutations

You cannot be hasted, slowed, berserked, paralysed or teleported.
You can dig through walls and to a lower floor.
You have a pair of large antennae on your head. (SInv)
Your four strong arms can wield two-handed weapons with a shield.


Message History

The wyvern bites your boulder beetle!
The kobold demonologist casts a spell.
Your boulder beetle bites the wyvern but does no damage.
The wyvern bites your boulder beetle. The wyvern bites your boulder beetle!
Your boulder beetle bites the wyvern!!
The wyvern dies!
Fedhas appreciates your contribution to the ecosystem.
The wyvern's shape twists and changes as it dies.
The centaur warrior shoots an arrow.
The arrow hits your boulder beetle!
Your boulder beetle dies!
Your boulder beetle's corpse dissolves into shadows!
A rakshasa comes into view. It is wielding a +0 long sword.
The ice devil hits you.
* * * LOW HITPOINT WARNING * * *
The ice devil freezes you!
* * * LOW HITPOINT WARNING * * *
The rakshasa completely misses you.
The crimson imp blinks!
You sock the rakshasa! You burn the rakshasa!
The rakshasa is moderately wounded.
The rakshasa weaves an illusion.
The centaur warrior simulacrum shimmers and seems to become two!
The ice devil hits you but does no damage.
You thump the rakshasa! You burn the rakshasa.
The rakshasa is heavily wounded.
The ice devil closely misses you.
The rakshasa hits you but does no damage.
You hit the rakshasa but do no damage.
The rakshasa is heavily wounded.
The ice devil misses you.
The rakshasa hits you with a +0 long sword.
* * * LOW HITPOINT WARNING * * *
A vampire mosquito comes into view.
The vampire mosquito buzzes angrily.
You sock the rakshasa! You burn the rakshasa.
The rakshasa is severely wounded.
The injured rakshasa weaves a defensive illusion!
The crimson imp hits you but does no damage.
The ice devil hits you!
You die...
Fedhas appreciates your contribution to the ecosystem.

#. #.# ## ..# ..
..## .. ..###.###
#.##.#y.#{
#####.##.#cZ#{ #
#.).....#R#{Z #.
#.###.#4@#{#
..##.###.#.5#.#
.........###.##
.##.#..##.....##
#...##.......##
#..##.........## .
#..#...........#
..
#..#...._._....#.#
#........#.......#


You could see a rakshasa, a centaur warrior, an ice devil (summoned), a vampire
mosquito, a crimson imp (summoned) and a centaur warrior simulacrum.

Vanquished Creatures
  Harold (D:7)
  A two-headed ogre (D:9)
  A tengu warrior (D:9)
  A cyclops (D:12)
  A manticore (D:8)
  2 trolls (D:12)
  2 wyverns
  5 yaks
  A steam dragon (D:9)
  2 vampire mosquitoes (D:12)
  2 ice beasts
  2 black bears
  An ogre (D:5)
  6 centaurs
  2 gnoll sergeants
  3 bullfrogs
  A scorpion (D:5)
  2 wyvern skeletons
  A water moccasin skeleton (D:7)
  4 killer bees (D:8)
  2 howler monkeys (D:9)
  7 wights (D:8)
  5 centaur zombies
  A bullfrog zombie (D:5)
  3 jellies
  An orc priest (D:4)
  2 iguanas (D:5)
  5 orc wizards
  9 gnolls
  3 adders
  A shadow imp (D:7)
  2 white imps (D:6)
  An ufetubus (D:7)
  An adder skeleton (D:4)
  A worm (D:2)
  7 dart slugs
  18 orcs
  10 bats
  7 endoplasms
  A giant cockroach (D:1)
  6 goblins
  6 hobgoblins
  3 jackals (D:1)
  4 kobolds
  4 quokkas
  4 ball pythons
  6 frilled lizards
  5 rats
166 creatures vanquished.

Vanquished Creatures (collateral kills)
  A wyvern (shapeshifter) (D:12)
1 creature vanquished.

Vanquished Creatures (others)
  A wight (D:9)
1 creature vanquished.

Grand Total: 168 creatures vanquished

Notes
Turn   | Place    | Note
-------+----------+-------------------------------------------
     0 | D:1      | lagrange the Formicid Fighter began the quest for the Orb.
     0 | D:1      | Reached XP level 1. HP: 18/18 MP: 1/1
    51 | D:1      | Reached XP level 2. HP: 24/24 MP: 2/2
   286 | D:1      | Reached XP level 3. HP: 23/29 MP: 3/3
   866 | D:2      | Found a shadowy altar of Dithmenos.
   929 | D:2      | Reached XP level 4. HP: 37/37 MP: 4/4
  1287 | D:3      | You fall into a shaft and drop 1 floor!
  1319 | D:4      | Reached XP level 5. HP: 35/42 MP: 5/5
  2564 | D:4      | Reached XP level 6. HP: 30/49 MP: 6/6
  3007 | D:5      | Entered Level 5 of the Dungeon
  3079 | D:5      | Reached skill level 5 in Shields
  3269 | D:5      | Reached XP level 7. HP: 54/55 MP: 7/7
  3274 | D:5      | Reached skill level 5 in Armour
  3277 | D:5      | Reached skill level 5 in Fighting
  3615 | D:6      | Found a staircase to the Ecumenical Temple.
  3649 | Temple   | Entered the Ecumenical Temple
  3729 | Temple   | Became a worshipper of Fedhas Madash
  3758 | D:6      | Reached XP level 8. HP: 63/63 MP: 8/8
  4036 | D:6      | Found Ynta's Distillery.
  4048 | D:6      | Bought a potion of curing for 33 gold pieces
  4048 | D:6      | Bought 2 potions of might for 88 gold pieces
  4234 | D:6      | Reached skill level 1 in Slings
  4952 | D:7      | Reached skill level 5 in Staves
  5368 | D:7      | Reached XP level 9. HP: 71/71 MP: 9/9
  5541 | D:7      | Noticed Harold
  5563 | D:7      | Killed Harold
  5911 | D:8      | Reached * piety under Fedhas
  6258 | D:8      | Reached skill level 5 in Slings
  6375 | D:8      | Reached XP level 10. HP: 80/80 MP: 10/10
  6398 | D:8      | Noticed a manticore
  6407 | D:8      | Killed a manticore
  7211 | D:8      | Reached ** piety under Fedhas
  7650 | D:9      | Noticed a two-headed ogre
  7659 | D:9      | Killed a two-headed ogre
  7772 | D:9      | Noticed a tengu warrior
  7787 | D:9      | Killed a tengu warrior
  7788 | D:9      | Reached XP level 11. HP: 35/89 MP: 11/13
  7798 | D:9      | Noticed a mana viper
  7798 | D:9      | a yaktaur changed into a mana viper
  7807 | D:9      | You fall into a shaft and drop 3 floors!
  7807 | D:12     | Found a glowing golden altar of the Shining One.
  7807 | D:12     | Found an iron altar of Okawaru.
  7807 | D:12     | Found a hide-covered altar of Uskayaw.
  7808 | D:12     | Found a shimmering altar of Xom.
  8113 | D:12     | Noticed a cyclops
  8120 | D:12     | Killed a cyclops
  8201 | D:12     | Reached skill level 10 in Armour
  8204 | D:12     | Noticed a centaur warrior
  8210 | D:12     | Reached skill level 10 in Fighting
  8224 | D:12     | Noticed a rakshasa
  8229 | D:12     | Slain by an ice devil

Illustrated notes

Levels and vault maps discovered:
D:1:      saegor_arrival_simple_c, layout_rooms
D:2:      layout_rooms, basic_altar, moated_statue
D:3:      layout_loops_corners, chequers_serial_rivers_micro_a
D:4:      layout_basic
D:5:      layout_basic
D:6:      layout_cave_pods, minmay_temple_entry_trees, serial_shops,
          nicolae_shop_waterfront
D:7:      layout_basic, uniq_harold
D:8:      layout_loops_ring, minmay_puff
D:9:      layout_grid_maze, hangedman_decor_riveting, minmay_pinched_square
D:12:     minmay_the_grid_octo_tiled_octocenter [minmay_the_grid_octo_pinwheel,
          minmay_the_grid_octo_thin_diamonds, minmay_the_grid_octo_clover_2,
          minmay_the_grid_octo_shrine, minmay_the_grid_octo_prize_big_c,
          minmay_the_grid_square_5x5_half_checkered,
          minmay_the_grid_square_5x5_comb,
          minmay_the_grid_square_5x5_doubleslash,
          minmay_the_grid_square_5x5_forky], layout_loops_cross, orc_0_dummy,
          nicolae_gozag_seed_capital, uniq_rupert
Temple:   grunt_wide_crystal_templ

Skill      XL: |  1  2  3  4  5  6  7  8  9 10 11 |
---------------+----------------------------------+-----
Shields        | 4 5 6 |  6.2
Fighting       | 4 5 6 7 9 10 | 10.0
Armour         | 4 5 6 7 9 10 | 10.0
Staves         | 3 4 5 6 8 |  8.8
Slings         | 2 5 6 |  6.0
Invocations    | 3 4 |  4.0

Action                   |  1- 3 |  4- 6 |  7- 9 | 10-12 || total
-------------------------+-------+-------+-------+-------++-------
Melee: Quarterstaff      |    94 |   112 |   187 |   167 ||   560
 Fire: Hunting sling     |       |       |     2 |     3 ||     5
Invok: Wall of Briars    |       |       |       |     1 ||     1
 Abil: Dig               |     1 |     1 |       |       ||     2
       Shaft Self        |       |       |       |     1 ||     1
Evoke: Wand              |       |       |     1 |     4 ||     5
  Use: Scroll            |     4 |     6 |     5 |     4 ||    19
       Potion            |       |     2 |     2 |       ||     4
Armor: Scale mail        |    43 |    32 |    66 |    90 ||   231
       Skin              |       |       |     3 |       ||     3
Dodge: Dodged            |    39 |    67 |    85 |   106 ||   297
Block: Buckler           |    25 |    32 |    54 |    54 ||   165

Table legend: (Time is in decaauts)
 A = Elapsed time spent in this place.
 B = Non-inter-level travel time spent in this place.
 C = Inter-level travel time spent in this place.
 D = Time resting spent in this place.
 E = Time spent auto-exploring this place.
 F = Levels seen in this place.
 G = Mean time per level.
                   A        B        C        D        E       F      G
               +--------+--------+--------+--------+--------+-----+--------+
         Total |   8261 |   7975 |    286 |   1528 |   4451 |  11 |  751.0 |
       Dungeon |   8173 |   7887 |    286 |   1528 |   4438 |  10 |  817.3 |
        Temple |     87 |     87 |      0 |      0 |     13 |   1 |   87.0 |
               +--------+--------+--------+--------+--------+-----+--------+

Top non-repeatable levels by time:
     D:8: 1448 daAuts
     D:6: 1237 daAuts
     D:3: 1036 daAuts
     D:7: 951 daAuts
     D:4: 890 daAuts
     D:1: 744 daAuts
     D:5: 503 daAuts
     D:9: 473 daAuts
     D:2: 469 daAuts
    D:12: 417 daAuts
  Temple: 87 daAuts
